 Dungeon Crawl Stone Soup version 0.21.1-1-g345015fe64 (webtiles) character file.

4 KleinerIrrer the Insei (level 1, -8/13 HPs)
             Began as an Octopode Transmuter on Apr 17, 2018.
             Mangled by a kobold
             ... wielding a +2 dagger of electrocution
              (19 damage)
             ... on level 1 of the Dungeon.
             The game lasted 00:00:40 (46 turns).

KleinerIrrer the Insei (Octopode Transmuter)          Turns: 46, Time: 00:00:40

Health: -8/13      AC:  1    Str:  9    XL:     1   Next: 70%
Magic:  2/3        EV: 13    Int: 15    God:
Gold:   24         SH:  0    Dex: 12    Spells: 3/4 levels left

rFire    . . .     SeeInvis .     - Unarmed
rCold    . . .     Gourm    .   (no shield)
rNeg     . . .     Faith    .   (helmet restricted)
rPois    .         Spirit   .   (no amulet)
rElec    .         Reflect  .   (no ring)
rCorr    .         Harm     .   (no ring)
MR       .....                  (no ring)
Stlth    +++.......             (no ring)
HPRegen  0.04/turn              (no ring)
MPRegen  0.08/turn              (no ring)
                                (no ring)
                                (no ring)

@: appendage (expiring)
A: almost no armour, stealthy swim, amphibious, 8 rings, constrict 8, tentacle
spike 3, camouflage 1, gelatinous body 1
a: End Transformation


You were on level 1 of the Dungeon.
You were not hungry.
One of your tentacles had a temporary spike.
You visited 1 branch of the dungeon, and saw 1 of its levels.

You collected 24 gold pieces.

Inventory:

Hand Weapons
 d - a +0 club
Missiles
 a - 12 arrows
Books
 b - a book of Changes

   Spells                             Type                      Level
   a - Beastly Appendage              Transmutation                1
   b - Sticks to Snakes               Transmutation                2
   c - Spider Form                    Transmutation/Poison         3
   d - Ice Form                       Ice/Transmutation            4
   e - Blade Hands                    Transmutation                5
Comestibles
 c - a ration


   Skills:
 + Level 1.2 Fighting
 + Level 2.1 Dodging
 + Level 1.0 Stealth
 - Level 3.0 Unarmed Combat
 - Level 2.0 Spellcasting
 - Level 2.0 Transmutations


You had 3 spell levels left.
You knew the following spells:

 Your Spells              Type           Power        Failure   Level  Hunger
a - Beastly Appendage     Tmut           #.....       10%         1    #......


Dungeon Overview and Level Annotations

Branches:
Dungeon (1/15)

Altars:


Innate Abilities, Weirdness & Mutations

You cannot wear most types of armour.
You are very stealthy in the water. (Stealth+)
You are amphibious.
You can wear up to eight rings at the same time.
You can use your tentacles to constrict eight enemies at once.
Your skin changes colour to match your surroundings (Stealth+).
Your rubbery body absorbs attacks. (AC +1, EV +1)
One of your tentacles bears a large vicious spike.


Message History

You tentacle-slap the goblin. Your grab misses the goblin.
You kill the goblin!
No target in view!
Your transformation is almost over.
You see here a club.
d - a club A frilled lizard comes into view.
The frilled lizard hisses angrily.
The frilled lizard unfolds its giant frill.
A kobold comes into view.
It is wielding a dagger of electrocution.
A giant cockroach comes into view.
You miss the frilled lizard. Your grab misses the frilled lizard.
You kill the frilled lizard!
Your Stealth skill increases to level 1!
You miss the kobold. Your grab misses the kobold.
Your tentacle spike misses the kobold.
Your tentacle-slap misses the kobold.
The kobold hits you with a dagger of electrocution.
You are electrocuted!
Ouch! That really hurt!
You die...

.... ....# #...# #...#
#####...###.###
.[....[.......
#..#####....>##...##
#..s.K@............#
#......#.....##....
................#.#
.###.##.##....#.#.######
#. #...#.#.....##≈≈≈# .
####....#.#.###≈≈≈ #
##.....#.# ##≈≈
#.#.###.#####≈ ...#.#
#......≈


You could see a giant cockroach and a kobold.

Vanquished Creatures
  A dart slug (D:1)
  A goblin (D:1)
  A frilled lizard (D:1)
3 creatures vanquished.

Notes
Turn   | Place    | Note
-------+----------+-------------------------------------------
     0 | D:1      | KleinerIrrer the Octopode Transmuter began the quest for the Orb.
     0 | D:1      | Reached XP level 1. HP: 13/13 MP: 3/3
    45 | D:1      | Reached skill level 1 in Stealth
    46 | D:1      | Mangled by a kobold

Skill      XL: |  1 |
---------------+----+-----
Stealth        | 1 |  1.0
Fighting       | |  1.2
Dodging        | |  2.1
Unarmed Combat | |  3.0
Spellcasting   | |  2.0
Transmutations | |  2.0

Action                   || total
-------------------------++-------
Melee: Unarmed           ||     5
       Kick              ||     2
       Constrict         ||     1
       Tentacles         ||     1
 Cast: Beastly Appendage ||     1
 Stab: Sleeping          ||     1
Dodge: Dodged            ||     1
